 Dungeon Crawl Stone Soup version 0.27.1-34-g3ba077fa99 (webtiles) character file.

Game seed: 11036955589293257235

11050 LLlMATKO the Fighter (level 11, -2/101 HPs)
             Began as a Minotaur Berserker on Jan 27, 2022.
             Was a High Priest of Trog.
             Slain by a seven-headed hydra (11 damage)
             ... on level 9 of the Dungeon.
             The game lasted 00:10:16 (9954 turns).

LLlMATKO the Fighter (Minotaur Berserker)           Turns: 9954, Time: 00:10:17

Health: -2/101     AC: 18    Str: 21    XL:     11   Next: 44%
Magic:  10/10      EV: 13    Int:  4    God:    Trog [*****.]
Gold:   420        SH: 22    Dex: 18    Spells: 10/10 levels left

rFire    . . .     SeeInvis .   v - +11 war axe of Zin's Delight {protect, rElec rC+ rN+ Will+}
rCold    + . .     Faith    .   E - +0 tower shield
rNeg     + . .     Spirit   .   x - +8 ring mail of Wius Unat {Dex+4}
rPois    .         Reflect  +   R - +2 hat
rElec    +         Harm     .   T - +0 cloak {rCorr}
rCorr    +         Rampage  .   (no gloves)
Will     +....                  (no boots)
Stlth    +.........             G - amulet of reflection
HPRegen  0.26/turn              (no ring)
MPRegen  0.12/turn              (no ring)

@: on berserk cooldown, slowed, very slow
A: horns 2, retaliatory headbutt
a: Renounce Religion, Berserk, Trog's Hand, Brothers in Arms


You were on level 9 of the Dungeon.
You worshipped Trog.
Trog was extremely pleased with you.
You visited 1 branch of the dungeon, and saw 10 of its levels.

You collected 420 gold pieces.

Inventory:

Hand Weapons
 a - a +0 hand axe
 v - the +11 war axe of Zin's Delight (weapon) {protect, rElec rC+ rN+ Will+}
   (You found it on level 5 of the Dungeon)

   It grants its wielder temporary protection when it strikes (+7 to AC).
   rC:        It protects you from cold.
   rElec:     It insulates you from electricity.
   rN:        It protects you from negative energy.
   Will:      It increases your willpower.
Missiles
 l - 44 bolts
 B - 5 curare-tipped darts (quivered)
 C - 5 boomerangs
 I - 19 poisoned darts
Armour
 x - the +8 ring mail of Wius Unat (worn) {Dex+4}
   (You found it on level 5 of the Dungeon)

   Dex:       It affects your dexterity (+4).
 E - a +0 tower shield (worn)
 R - a +2 hat (worn)
 T - a +0 cloak of preservation (worn)
Jewellery
 G - an amulet of reflection (around neck)
 O - an amulet of regeneration
Wands
 d - a wand of flame (39)
 m - a wand of acid (18)
 q - a wand of paralysis (15)
 M - a wand of digging (9)
 S - a wand of iceblast (4)
Scrolls
 c - 2 scrolls of magic mapping
 i - 6 scrolls of teleportation {unknown}
 k - 2 scrolls of enchant weapon {unknown}
 n - 13 scrolls of identify {unknown}
 r - 5 scrolls of enchant armour {unknown}
 u - a scroll of silence {unknown}
 y - a scroll of amnesia {unknown}
 A - 2 scrolls of noise {unknown}
 D - a scroll of blinking {unknown}
 F - 2 scrolls of vulnerability {unknown}
 J - a scroll of torment {unknown}
 K - 3 scrolls of brand weapon {unknown}
 L - a scroll of fear {unknown}
 Q - a scroll of fog {unknown}
Potions
 b - a potion of invisibility {unknown}
 e - a potion of cancellation {unknown}
 g - 5 potions of curing
 h - 2 potions of ambrosia {unknown}
 j - 2 potions of degeneration {unknown}
 o - 2 potions of lignification {unknown}
 p - 3 potions of might {unknown}
 s - 2 potions of flight {unknown}
 t - a potion of heal wounds {unknown}
 w - a potion of mutation {unknown}
 z - a potion of attraction {unknown}
 N - a potion of haste {unknown}
 P - a potion of brilliance {unknown}


   Skills:
 + Level 10.7 Fighting
 + Level 10.7 Axes
 + Level 10.4 Armour
 + Level 9.5 Dodging
 + Level 8.2 Shields


You had 10 spell levels left.
You didn't know any spells.
Your spell library was empty.

Dungeon Overview and Level Annotations

Branches:
Dungeon (10/15)            Temple (0/1) D:4            Lair (0/6) D:10
    Orc (0/2) D:9

Altars:
Ashenzari
Dithmenos
Elyvilon
Fedhas
Hepliaklqana
Kikubaaqudgha
Makhleb
Trog
Uskayaw
Vehumet
Yredelemnul
The Shining One

Shops:
D:8 :*


Innate Abilities, Weirdness & Mutations

You have a pair of horns on your head.
You reflexively headbutt those who attack you in melee.


Message History

You block the seven-headed hydra's attack.
The centaur warrior shoots an arrow.
The arrow hits you.
There is a stone staircase leading up, spattered with blood here.
Unknown command.
The centaur warrior shoots an arrow.
You reflect the arrow off an invisible shield around you!
The arrow completely misses the seven-headed hydra.
The arrow hits the centaur warrior!!
The howler monkey hoots and howls with incredible vigour!
The seven-headed hydra completely misses you.
The seven-headed hydra bites you but does no damage. x2
The seven-headed hydra bites you.
You block the seven-headed hydra's attack. x2
The seven-headed hydra closely misses you.
The centaur warrior shoots an arrow.
The arrow hits you!
* * * LOW HITPOINT WARNING * * *
You climb upwards.
There is a stone staircase leading down here.
As you read the scroll labelled UCUGRIU QIATI, it crumbles to dust.
You feel momentarily disoriented.
It was a scroll of magic mapping.
The seven-headed hydra bites you.
* * * LOW HITPOINT WARNING * * *
You block the seven-headed hydra's attack.
The seven-headed hydra bites you.
* * * LOW HITPOINT WARNING * * *
You block the seven-headed hydra's attack.
The seven-headed hydra bites you!
* * * LOW HITPOINT WARNING * * *
You block the seven-headed hydra's attack. x2
The seven-headed hydra misses you. The seven-headed hydra bites you!
* * * LOW HITPOINT WARNING * * *
The seven-headed hydra barely misses you.
The seven-headed hydra bites you but does no damage. x3
You block the seven-headed hydra's attack.
Okay, then.
It was a potion of curing.
You feel better.
You block the seven-headed hydra's attack.
The seven-headed hydra bites you but does no damage. x2
The seven-headed hydra bites you!
You die...

####### #...... #......
####################### #.....)
......................### #.....†
###########.............###......
###########.##..@D....##.........
............##........##.##......
...........############..##......
..........## #####....##.......
..........# ##..[.|............
######..### ##..#.####.##...###.
####..######........#.#...## #.
#...................#...#.# #.
###...#...###...............# #.


You could see a seven-headed hydra.

Vanquished Creatures
  Gastronok (D:9)
  2 two-headed ogres
  Pikel (D:9)
  Maurice (D:9)
  Joseph (D:9)
  2 unseen horrors (D:10)
  A yaktaur (D:10)
  Psyche (D:8)
  A troll (D:10)
  A hornet (D:8)
  A shadow (D:10)
  3 wraiths
  5 wyverns
  2 basilisks (D:10)
  A steam dragon (D:6)
  8 yaks (D:10)
  4 water moccasins
  A black bear (D:6)
  2 ice beasts (D:8)
  2 centaurs
  2 ogres (D:5)
  A lemure (D:9)
  2 kobold brigands
  3 bullfrogs (D:7)
  2 scorpions
  2 gnoll sergeants
  A water moccasin skeleton (D:5)
  3 wights (D:9)
  3 howler monkeys
  4 centaur zombies
  A bullfrog skeleton (D:5)
  4 hounds
  A jelly (D:4)
  4 orc priests
  Crazy Yiuf (D:7)
  Natasha (thrice) (D:3)
  5 orc wizards
  2 hound skeletons (D:4)
  12 gnolls
  7 adders
  A white imp (D:7)
  An ufetubus (D:5)
  2 dart slugs
  29 orcs
  9 ball pythons
  5 bats
  5 endoplasms
  5 giant cockroaches
  2 goblins (D:1)
  5 hobgoblins
  5 jackals
  16 kobolds
  2 quokkas
  6 frilled lizards
  A jackal skeleton (D:4)
  2 rats
200 creatures vanquished.

Vanquished Creatures (others)
  A bush (D:10)
  6 fungi
  12 plants (D:10)
19 creatures vanquished.

Grand Total: 219 creatures vanquished

Notes
Turn   | Place    | Note
-------+----------+-------------------------------------------
     0 | D:1      | LLlMATKO the Minotaur Berserker began the quest for the
                  | Orb.
     0 | D:1      | Reached XP level 1. HP: 19/19 MP: 0/0
   319 | D:1      | Reached XP level 2. HP: 27/27 MP: 1/1
  1066 | D:2      | Reached XP level 3. HP: 33/33 MP: 2/2
  1265 | D:2      | Reached ** piety under Trog
  1428 | D:2      | Found a faded altar of an unknown god.
  1831 | D:3      | Reached XP level 4. HP: 26/41 MP: 3/3
  2029 | D:3      | Found a white marble altar of Elyvilon.
  2139 | D:3      | Found a burning altar of Makhleb.
  2199 | D:3      | Noticed a scorpion
  2206 | D:3      | Killed a scorpion
  2207 | D:3      | Reached XP level 5. HP: 25/47 MP: 4/4
  2442 | D:3      | Noticed Natasha
  2451 | D:3      | Killed Natasha
  2553 | D:3      | Noticed Natasha
  2557 | D:3      | Killed Natasha
  2951 | D:3      | Noticed Natasha
  2962 | D:3      | Killed Natasha
  2963 | D:3      | Reached skill level 5 in Fighting
  2963 | D:3      | Reached skill level 5 in Axes
  3089 | D:3      | Found a white marble altar of Elyvilon.
  3535 | D:3      | Found a burning altar of Makhleb.
  3662 | D:4      | Reached XP level 6. HP: 56/56 MP: 5/5
  3720 | D:4      | Found a staircase to the Ecumenical Temple.
  3723 | D:4      | Found a blossoming altar of Fedhas.
  3954 | D:4      | Reached *** piety under Trog
  4277 | D:4      | Found a hazy altar of Hepliaklqana.
  4637 | D:5      | Entered Level 5 of the Dungeon
  4691 | D:5      | Identified the +11 war axe of Zin's Delight {protect, rElec
                  | rC+ rN+ Will+}
  4801 | D:5      | Reached skill level 5 in Armour
  4801 | D:5      | Reached XP level 7. HP: 26/62 MP: 6/6
  5061 | D:5      | Identified the +8 ring mail of Wius Unat {Dex+4}
  5235 | D:5      | Found a radiant altar of Vehumet.
  5528 | D:5      | Found a hide-covered altar of Uskayaw.
  5756 | D:6      | Reached skill level 5 in Dodging
  6018 | D:6      | Found a bloodstained altar of Trog.
  6210 | D:6      | Noticed a steam dragon
  6217 | D:6      | Killed a steam dragon
  6218 | D:6      | Reached XP level 8. HP: 71/71 MP: 7/7
  6694 | D:7      | Reached skill level 1 in Shields
  7092 | D:7      | Reached **** piety under Trog
  7236 | D:7      | Found a runed translucent door.
  7251 | D:7      | Noticed Crazy Yiuf
  7447 | D:7      | Killed Crazy Yiuf
  7736 | D:8      | Reached XP level 9. HP: 80/80 MP: 8/8
  8008 | D:8      | Noticed Psyche
  8015 | D:8      | Killed Psyche
  8140 | D:8      | Found Fegang's Book Shoppe.
  8142 | D:8      | Found Gehe's Assorted Antiques.
  8290 | D:8      | Found a basalt altar of Yredelemnul.
  8424 | D:9      | Found a shadowy altar of Dithmenos.
  8443 | D:9      | Noticed Pikel
  8450 | D:9      | Killed Pikel
  8451 | D:9      | Reached skill level 5 in Shields
  8581 | D:9      | Noticed Gastronok
  8583 | D:9      | Found a staircase to the Orcish Mines.
  8593 | D:9      | Killed Gastronok
  8594 | D:9      | Reached XP level 10. HP: 69/91 MP: 9/9
  8761 | D:9      | Noticed a two-headed ogre
  8762 | D:9      | Noticed Joseph
  8777 | D:9      | Killed a two-headed ogre
  8783 | D:9      | Killed Joseph
  8890 | D:9      | Noticed Maurice
  8898 | D:9      | Reached ***** piety under Trog
  8913 | D:9      | Killed Maurice
  8914 | D:9      | Reached skill level 10 in Fighting
  8914 | D:9      | Reached skill level 10 in Axes
  9208 | D:9      | Found an ancient bone altar of Kikubaaqudgha.
  9208 | D:9      | Found a glowing golden altar of the Shining One.
  9282 | D:10     | Entered Level 10 of the Dungeon
  9503 | D:10     | Reached XP level 11. HP: 94/99 MP: 10/10
  9674 | D:10     | Found a broken altar of Ashenzari.
  9791 | D:10     | Reached skill level 10 in Armour
  9855 | D:10     | Found a staircase to the Lair.
  9927 | D:10     | Noticed a two-headed ogre
  9928 | D:10     | Noticed a centaur warrior
  9935 | D:10     | Noticed a seven-headed hydra
  9936 | D:10     | Killed a two-headed ogre
  9953 | D:9      | HP: 3/101 [seven-headed hydra (9)]
  9954 | D:9      | Slain by a seven-headed hydra

Illustrated notes

Levels and vault maps discovered:
D:1:      ncdulo_wetmaze, layout_basic
D:2:      layout_basic, basic_ecumenical_altar, hangedman_abyss_or_decor_stabs
D:3:      layout_basic, elyvilon_altar_1, marbit_many_paths, uniq_natasha
D:4:      layout_loops_ring, worldfamousw_hep_ancestral_shrine,
          mainiacjoe_overflow_paths, minmay_temple_entry_mist
D:5:      layout_basic, nicolae_uskayaw_suspiria, vehumet_altar_wand_db,
          kennysheep_generic_room_4
D:6:      cheibrodos_thug_alley, layout_loops_cross, trog_book
D:7:      layout_rooms, uniq_crazy_yiuf_cottage
D:8:      layout_cave_pools, mainiacjoe_overflow_alcove_2, serial_shops, shop,
          shop, st_stairs_14, feat_on_display, uniq_psyche
D:9:      layout_rooms, gammafunk_temple_overflow_elements, lemuel_doored_altar,
          orc_0_dummy, uniq_joseph, uniq_pikel, uniq_maurice, uniq_gastronok
D:10:     layout_long_grid, mainiacjoe_overflow_alcove_4,
          mainiacjoe_overflow_24_doors, minmay_lair_entry_grove,
          hangedman_decor_opposing, grunt_ministairs_12, minmay_pinched_square

Skill      XL: |  1  2  3  4  5  6  7  8  9 10 11 |
---------------+----------------------------------+-----
Axes           | 4 5 6 7 9 10 | 10.7
Fighting       | 4 5 6 7 9 10 | 10.7
Armour         | 3 4 5 6 7 9 10 | 10.4
Dodging        | 3 4 5 6 8 9 |  9.5
Shields        | 3 6 7 8 |  8.2

Action                   |  1- 3 |  4- 6 |  7- 9 | 10-12 || total
-------------------------+-------+-------+-------+-------++-------
Melee: Hand axe          |    71 |   113 |       |       ||   184
       Headbutt          |     9 |    24 |    33 |    27 ||    93
       War axe           |       |    10 |   133 |    99 ||   242
Throw: Javelin           |     1 |       |     3 |     1 ||     5
       Dart              |       |       |     2 |    11 ||    13
Invok: Berserk           |       |     2 |     6 |     4 ||    12
  Use: Scroll            |       |       |       |     1 ||     1
       Potion            |       |       |       |     1 ||     1
Armor: Chain mail        |    53 |    58 |       |       ||   111
       Ring mail         |       |       |    57 |    38 ||    95
Dodge: Dodged            |    32 |    53 |    40 |    27 ||   152
Block: Tower shield      |       |       |   115 |   107 ||   222
       Reflection        |       |       |     4 |    11 ||    15
